 Dungeon Sprint DCSS version 0.21.1-1-g345015fe64 (webtiles) character file.

942 Quolop the Blocker (level 7, -3/73 HPs)
             Began as a Minotaur Fighter on Feb 27, 2018.
             Was a Follower of Makhleb.
             Slain by a yak (7 damage)
             ... in the Dungeon (Sprint IX: "|||||||||||||||||||||||||||||").
             The game lasted 00:02:13 (253 turns).

Quolop the Blocker (Minotaur Fighter)                Turns: 253, Time: 00:02:14

Health: -3/73      AC: 14    Str: 22    XL:     7   Next: 88%
Magic:  6/6        EV:  8    Int:  5    God:    Makhleb [*.....]
Gold:   0          SH: 12    Dex: 10    Spells: 6/6 levels left

rFire    . . .     SeeInvis .   p - +2 scimitar (holy)
rCold    . . .     Gourm    .   c - +0 shield
rNeg     . . .     Faith    .   r - +1 chain mail
rPois    .         Spirit   .   (helmet restricted)
rElec    .         Reflect  .   q - +0 cloak
rCorr    .         Harm     .   (no gloves)
MR       .....     NoTele   +   (no boots)
Stlth    ..........             (no amulet)
HPRegen  0.22/turn              (no ring)
MPRegen  0.10/turn              (no ring)

@: no status effects
A: retaliatory headbutt, horns 2
a: Renounce Religion


You were in the Dungeon.
You worshipped Makhleb.
Makhleb was aware of your devotion.
You were not hungry.

You visited 1 branch

Inventory:

Hand Weapons
 a - a +0 long sword
 p - a +2 scimitar of holy wrath (weapon)
Armour
 b - a +0 scale mail
 c - a +0 shield (worn)
 q - a +0 cloak (worn)
 r - a +1 chain mail (worn)
Jewellery
 s - a +3 ring of intelligence
 t - a +2 ring of protection
Wands
 o - a wand of acid (10)
Scrolls
 k - 2 scrolls of blinking
 m - 3 scrolls of remove curse
 n - 2 scrolls of amnesia
Potions
 d - a potion of might
 e - 5 potions of curing
 g - 3 potions of heal wounds
 h - a potion of haste
 i - 4 potions of magic
 j - a potion of berserk rage
 l - a potion of invisibility
Comestibles
 f - a ration


   Skills:
 + Level 10.4 Fighting
 + Level 10.3 Long Blades
 + Level 10.8 Armour
 + Level 2.8 Dodging
 + Level 11.1 Shields


You had 6 spell levels left.
You didn't know any spells.

Dungeon Overview and Level Annotations

Branches:
Dungeon (1/1)

Altars:
Cheibriados
Dithmenos
Elyvilon
Fedhas
Gozag
Hepliaklqana
Kikubaaqudgha
Makhleb
Nemelex Xobeh
Okawaru
Qazlal
Ru
Sif Muna
Trog
Uskayaw
Vehumet
Wu Jian
Xom
Yredelemnul
Zin
The Shining One
Beogh
Jiyva
Lugonu


Innate Abilities, Weirdness & Mutations

You reflexively headbutt those who attack you in melee.
You have a pair of horns on your head.


Message History

You feel sick. You block the wyvern's attack.
The phantom blinks!
You hit the wyvern but do no damage.
The wyvern is severely wounded.
You block the wyvern's attack.
The wyvern hisses menacingly.
You block the wyvern's attack.
You slash the wyvern!
You kill the wyvern!
Makhleb accepts your kill.
Your Shields skill increases to level 11!
You hit the yak.
The yak is lightly wounded.
The yak gores you.
* * * LOW HITPOINT WARNING * * *
You slice the yak!! You headbutt the yak.
The yak is severely wounded.
You feel sick.
You are no longer poisoned.
The yak gores you!
You die...

▓.▓
▓.▓
▓.▓
▓.▓
▓.▓
▓W▓
▓Y▓
▓@▓
▓.▓
▓.▓
▓[▓
▓.▓
▓)▓
▓|▓
▓.▓
▓.▓


You could see a yak and a phantom.

Vanquished Creatures
  A two-headed ogre (D)
  A wyvern (D)
  A wight (D)
  2 iguanas (D)
  2 worker ants (D)
  A hobgoblin (D)
  2 jackals (D)
  A quokka (D)
  3 rats (D)
14 creatures vanquished.

Notes
Turn   | Place    | Note
-------+----------+-------------------------------------------
     0 | D        | Quolop the Minotaur Fighter began the quest for the Orb.
     0 | D        | Reached XP level 1. HP: 19/19 MP: 0/0
    12 | D        | Reached skill level 4 in Shields
    24 | D        | Noticed an iguana
    24 | D        | Noticed a worker ant
    24 | D        | Noticed an iguana
    28 | D        | Killed an iguana
    28 | D        | Reached skill level 5 in Fighting
    28 | D        | Reached skill level 5 in Armour
    28 | D        | Reached skill level 5 in Shields
    28 | D        | Reached XP level 2. HP: 29/29 MP: 1/1
    28 | D        | Reached XP level 3. HP: 36/36 MP: 2/2
    40 | D        | Reached skill level 6 in Shields
    40 | D        | Reached XP level 4. HP: 34/45 MP: 3/3
   165 | D        | Found a roughly hewn altar of Beogh.
   165 | D        | Found a snail-covered altar of Cheibriados.
   165 | D        | Found a shadowy altar of Dithmenos.
   165 | D        | Found a white marble altar of Elyvilon.
   165 | D        | Found a blossoming altar of Fedhas.
   165 | D        | Found an opulent altar of Gozag.
   166 | D        | Found a hazy altar of Hepliaklqana.
   167 | D        | Found a viscous altar of Jiyva.
   168 | D        | Found an ancient bone altar of Kikubaaqudgha.
   169 | D        | Found a corrupted altar of Lugonu.
   170 | D        | Found a burning altar of Makhleb.
   171 | D        | Found a sparkling altar of Nemelex Xobeh.
   172 | D        | Found an iron altar of Okawaru.
   173 | D        | Found a stormy altar of Qazlal.
   174 | D        | Found a sacrificial altar of Ru.
   175 | D        | Found a deep blue altar of Sif Muna.
   176 | D        | Found a bloodstained altar of Trog.
   177 | D        | Found a hide-covered altar of Uskayaw.
   178 | D        | Became a worshipper of Makhleb the Destroyer
   179 | D        | Found a radiant altar of Vehumet.
   180 | D        | Found an ornate altar of the Wu Jian Council.
   181 | D        | Found a shimmering altar of Xom.
   182 | D        | Found a basalt altar of Yredelemnul.
   183 | D        | Found a glowing silver altar of Zin.
   184 | D        | Found a glowing golden altar of the Shining One.
   227 | D        | Noticed a yak
   227 | D        | Noticed a phantom
   227 | D        | Noticed a wyvern
   227 | D        | Noticed a two-headed ogre
   237 | D        | Killed a two-headed ogre
   237 | D        | Reached skill level 10 in Fighting
   237 | D        | Reached skill level 10 in Armour
   237 | D        | Reached skill level 10 in Shields
   237 | D        | Reached XP level 5. HP: 20/58 MP: 4/4
   237 | D        | Reached XP level 6. HP: 23/66 MP: 5/5
   237 | D        | Reached XP level 7. HP: 25/72 MP: 6/6
   241 | D        | Reached * piety under Makhleb
   241 | D        | Reached skill level 10 in Long Blades
   251 | D        | Killed a wyvern
   251 | D        | Reached skill level 11 in Shields
   253 | D        | Slain by a yak

Skill      XL: |  1  2  3  4  5  6  7 |
---------------+----------------------+-----
Fighting       | 5 6 10 | 10.4
Armour         | 5 6 10 | 10.8
Shields        | 5 6 10 11 | 11.1
Long Blades    | 3 4 9 10 | 10.3
Dodging        | 2 |  2.8

Action                   |  1- 3 |  4- 6 |  7- 9 || total
-------------------------+-------+-------+-------++-------
Melee: Long sword        |    30 |       |       ||    30
       Headbutt          |     5 |     3 |     3 ||    11
       Scimitar          |       |    10 |    16 ||    26
Armor: Scale mail        |     8 |       |       ||     8
       Chain mail        |       |     3 |     1 ||     4
Dodge: Dodged            |    15 |     1 |     3 ||    19
Block: Shield            |    14 |     6 |    10 ||    30
       Rpst.: Long sword |     6 |       |       ||     6
